 Dungeon Crawl Stone Soup version 0.20.0-8-g6b59dc7 (webtiles) character file.

96 MTVSty1e the Insei (level 4, -2/52 HPs)
             Began as a Draconian Transmuter on May 30, 2017.
             Slain by Sigmund
             ... wielding a +0 scythe
              (10 damage)
             ... on level 2 of the Dungeon.
             The game lasted 00:04:24 (2302 turns).

MTVSty1e the Insei (Draconian Transmuter)           Turns: 2302, Time: 00:04:25

Health: -2/52      AC:  3    Str: 19    XL:     4   Next: 41%
Magic:  6/6        EV: 12    Int: 14    God:
Gold:   120        SH:  0    Dex: 12    Spells: 6/7 levels left

rFire    . . .     SeeInvis +     - Unarmed
rCold    . . .     Gourm    .   (no shield)
rNeg     . . .     Faith    .   (armour unavailable)
rPois    .         Spirit   .   (helmet restricted)
rElec    .         Reflect  .   (no cloak)
rCorr    .         Harm     .   (no gloves)
MR       .....                  (no boots)
Stlth    ..........             (no amulet)
Regen    0.2/turn               p - -2 ring of protection (curse)
MPRegen  0.1/turn               k - +2 ring of strength

@: berserking (expiring), very quick
A: unfitting armour, see invisible, low mp 1, cold-blooded, AC +5
a: no special abilities


You were on level 2 of the Dungeon.
You were hungry.

You visited 1 branch of the dungeon, and saw 2 of its levels.

You collected 120 gold pieces.

Inventory:

Missiles
 a - 56 arrows
Jewellery
 h - an uncursed ring of flight
 k - a +2 ring of strength (right hand)
 p - a cursed -2 ring of protection (left hand)
Scrolls
 e - 5 scrolls of identify
 l - a scroll of teleportation
Potions
 f - 2 potions of lignification
Books
 b - a book of Changes

   Spells                             Type                      Level
   a - Beastly Appendage              Transmutation                1
   b - Sticks to Snakes               Transmutation                2
   c - Spider Form                    Transmutation/Poison         3
   d - Ice Form                       Ice/Transmutation            4
   e - Blade Hands                    Transmutation                5


   Skills:
 * Level 1.4 Fighting
 + Level 2.1 Dodging
 + Level 4.8 Unarmed Combat
 + Level 2.0 Spellcasting
 + Level 2.3 Transmutations


You had 6 spell levels left.
You knew the following spells:

 Your Spells              Type           Power        Failure   Level  Hunger
a - Beastly Appendage     Tmut           #.....       9%          1    ##.....


Dungeon Overview and Level Annotations

Branches:
Dungeon (2/15)

Altars:

Annotations:
D:2 Sigmund


Innate Abilities, Weirdness & Mutations

Your plain brown scales are hard. (AC +5)
You cannot fit into any form of body armour.
You are cold-blooded and may be slowed by cold attacks.
You have supernaturally acute eyesight. (SInv)
Your magical capacity is low. (-10% MP)


Message History

You barely miss the jackal. You tail-slap the jackal.
You kill the jackal!
Sigmund closely misses you.
You closely miss the jackal.
The jackal bites you but does no damage.
You hit the jackal.
The jackal is moderately wounded.
The jackal barely misses you.
You barely miss the jackal.
Your tail-slap misses the jackal.
The jackal is moderately wounded.
The rat twitches its whiskers.
Sigmund closely misses you.
The jackal bites you but does no damage.
You hit the jackal.
You kill the jackal!
You closely miss the rat. Sigmund hits you but does no damage.
You barely miss the rat. You tail-slap the rat.
You kill the rat!
Sigmund hits you with a scythe!
You die...

....... .......
....... ....... .....
## ..( ...## ##†#
..... #@.# #... #@##
#.# # #.# ## #####.#
#. ##.....## #.
##.......## #######.
#.........# ###.......
#.........# #...#..###
#...[[....#####.###.##


You could see Sigmund (invisible).

Vanquished Creatures
  Robin (D:2)
  3 adders (D:2)
  A giant cockroach (D:2)
  16 goblins
  7 hobgoblins
  8 jackals
  4 bats
  5 frilled lizards
  4 kobolds (D:1)
  6 rats
55 creatures vanquished.

Vanquished Creatures (others)
  A hobgoblin (D:2)
1 creature vanquished.

Grand Total: 56 creatures vanquished

Notes
Turn   | Place    | Note
-------+----------+-------------------------------------------
     0 | D:1      | MTVSty1e the Draconian Transmuter began the quest for the Orb.
     0 | D:1      | Reached XP level 1. HP: 16/16 MP: 3/3
   776 | D:1      | Reached XP level 2. HP: 22/23 MP: 3/5
  1139 | D:1      | Reached skill level 4 in Unarmed Combat
  1571 | D:1      | Reached XP level 3. HP: 27/28 MP: 4/6
  1694 | D:2      | Noticed Robin
  1698 | D:2      | Killed Robin
  2018 | D:2      | Reached XP level 4. HP: 25/35 MP: 5/7
  2272 | D:2      | Noticed Sigmund
  2288 | D:2      | Gained mutation: Your magical capacity is low. (-10% MP) [potion of mutation]
  2288 | D:2      | Gained mutation: You have supernaturally acute eyesight. (SInv) [potion of mutation]
  2302 | D:2      | Slain by Sigmund

Skill      XL: |  1  2  3  4 |
---------------+-------------+-----
Unarmed Combat | 4 |  4.8
Dodging        | 2 |  2.1
Fighting       | |  1.4
Spellcasting   | |  2.0
Transmutations | |  2.3

Action                   |  1- 3 |  4- 6 || total
-------------------------+-------+-------++-------
Melee: Unarmed           |   141 |    29 ||   170
       Kick              |     9 |     1 ||    10
       Tailslap          |     9 |     6 ||    15
       Headbutt          |     5 |     1 ||     6
       Punch             |     3 |     1 ||     4
 Cast: Beastly Appendage |    19 |     3 ||    22
  Use: Scroll            |     2 |     2 ||     4
       Potion            |       |     6 ||     6
 Stab: Sleeping          |     1 |       ||     1
  Eat: Bread ration      |     1 |       ||     1
Armor: Skin              |    22 |     7 ||    29
Dodge: Dodged            |    66 |    24 ||    90
